 Dungeon Crawl Stone Soup version 0.19.1-1-g22dce08 (webtiles) character file.

144 empire the Charmwright (level 5, 0/41 HPs)
             Began as a Draconian Skald on Jan 20, 2017.
             Slain by Natasha (3 damage)
             ... on level 2 of the Dungeon.
             The game lasted 00:04:04 (2152 turns).

empire the Charmwright (Draconian Skald)            Turns: 2152, Time: 00:04:05

Health: 0/41       AC:  5    Str: 15    XL:     5   Next: 5%
Magic:  8/8        EV: 12    Int: 12    God:
Gold:   157        SH:  0    Dex: 11    Spells: 3 memorised, 3 levels left

rFire  . . .     SeeInvis .     a - +0 falchion
rCold  . . .     Gourm    .     (armour unavailable)
rNeg   . . .     Faith    .     (no shield)
rPois  .         Spirit   .     (helmet restricted)
rElec  .         Reflect  .     (no cloak)
rCorr  .         Harm     .     (no gloves)
MR     .....                    (no boots)
Stlth  +.........               (no amulet)
                                (no ring)
                                (no ring)

@: no status effects
A: unfitting armour, cold-blooded, AC +5
a: no special abilities


You were on level 2 of the Dungeon.
You were hungry.

You visited 1 branch of the dungeon, and saw 2 of its levels.

You collected 157 gold pieces.

Inventory:

Hand Weapons
 a - a +0 falchion (weapon)
 j - a +1 vampiric short sword
Jewellery
 d - a cursed amulet of inaccuracy {unknown}
 h - a +3 ring of dexterity {unknown}
Wands
 e - a wand of polymorph (3/24)
Scrolls
 i - a scroll of remove curse {unknown}
Books
 b - a book of Battle

   Spells                             Type                      Level
   a - Infusion                       Charms                       1
   b - Shroud of Golubria             Charms/Translocation         2
   c - Song of Slaying                Charms                       2
   d - Spectral Weapon                Hexes/Charms                 3
   e - Regeneration                   Charms/Necromancy            3
Comestibles
 c - 2 bread rations
 g - 2 slices of pizza
 k - 2 chunks of flesh


   Skills:
 - Level 2.1 Fighting
 + Level 3.7 Long Blades
 - Level 1.3 Dodging
 - Level 2.0 Spellcasting
 + Level 4.3 Charms


You had 3 spell levels left.
You knew the following spells:

 Your Spells              Type           Power        Failure   Level  Hunger
a - Infusion              Chrm           ##..         6%          1    ##.....
b - Song of Slaying       Chrm           ##......     10%         2    ###....
c - Shroud of Golubria    Chrm/Tloc      #.........   17%         2    ###....


Dungeon Overview and Level Annotations

Branches:
Dungeon (2/15)

Altars:

Annotations:
D:2 1 runed door, Natasha


Innate Abilities, Weirdness & Mutations

Your plain brown scales are hard. (AC +5)
You cannot fit into any form of body armour.
You are cold-blooded and may be slowed by cold attacks.


Message History

Natasha stares at you and mumbles some strange words.
The magic dart hits you!
* * * LOW HITPOINT WARNING * * *
You hit Natasha but do no damage.
Your tail-slap misses Natasha.
Natasha is moderately wounded.
Natasha casts a spell at you. The magic dart hits you!
* * * LOW HITPOINT WARNING * * *
You aren't carrying any potions.
As you read the scroll labeled RODAFUIPRYHYPO, it crumbles to dust.
You hear a loud clanging noise!
It was a scroll of noise.
You hear a bark! x2; You hear a shout! x2
Natasha misses you.
You riposte.
You hit Natasha.
Your tail-slap misses Natasha.
Natasha is heavily wounded.
You closely miss Natasha.
Natasha is heavily wounded.
Natasha claws you.
You die...

#. #.### #.... #.. .## #
#.. ..#.# #..##.#.#
#.......# #
##...#.#############.#.##.
.............55h@...b...'b
.............5####.#.#.##.
..............# #.# #
.#.##.........# #.#
...##........h## #.#
>.............'. ...
..####.....5..####.#
..'...........# #..
..####........#


You could see Natasha, 2 crimson imps, a shadow imp and a bat.

Vanquished Creatures
  Ijyb (D:2)
  Natasha (twice) (D:2)
  Robin (D:2)
  2 adders (D:2)
  2 dart slugs (D:1)
  A leopard gecko (D:1)
  A ball python (D:1)
  2 giant cockroaches (D:2)
  11 goblins
  4 hobgoblins
  4 bats
  A frilled lizard (D:1)
  3 kobolds
  2 rats (D:1)
37 creatures vanquished.

Notes
Turn   | Place    | Note
-------+----------+-------------------------------------------
     0 | D:1      | empire the Draconian Skald began the quest for the Orb.
     0 | D:1      | Reached XP level 1. HP: 17/17 MP: 3/3
    85 | D:1      | Reached skill level 3 in Charms
    93 | D:1      | Reached XP level 2. HP: 22/24 MP: 5/5
    97 | D:1      | Learned a level 2 spell: Song of Slaying
   100 | D:1      | Learned a level 2 spell: Shroud of Golubria
  1020 | D:2      | Reached XP level 3. HP: 5/29 MP: 3/6
  1410 | D:2      | Noticed Robin
  1423 | D:2      | Killed Robin
  1837 | D:2      | Found a runed door.
  1990 | D:2      | Noticed Ijyb
  1990 | D:2      | Noticed Natasha
  2014 | D:2      | Killed Natasha
  2014 | D:2      | Reached XP level 4. HP: 15/36 MP: 7/7
  2024 | D:2      | Killed Ijyb
  2024 | D:2      | Reached skill level 4 in Charms
  2033 | D:2      | Noticed Natasha
  2070 | D:2      | Killed Natasha
  2070 | D:2      | Reached XP level 5. HP: 3/41 MP: 8/8
  2138 | D:2      | Noticed Natasha
  2152 | D:2      | Slain by Natasha

Skill      XL: |  1  2  3  4 |
---------------+-------------+-----
Charms         | 3 4 |  4.3
Long Blades    | 3 |  3.7
Fighting       | |  2.1
Dodging        | |  1.3
Spellcasting   | |  2.0

Action                   |  1- 3 |  4- 6 || total
-------------------------+-------+-------++-------
Melee: Falchion          |   118 |    17 ||   135
       Tailslap          |    11 |       ||    11
       Unarmed           |       |    12 ||    12
 Cast: Infusion          |     3 |       ||     3
  Use: Potion            |     1 |     2 ||     3
       Scroll            |       |     1 ||     1
  Eat: Chunk             |     4 |       ||     4
Armor: Skin              |    62 |     9 ||    71
Dodge: Dodged            |    94 |    28 ||   122
       Rpst.: Falchion   |    30 |     5 ||    35
